Map: Complesso Moebius XX-1

Players

RoiXir - Winner!

  • Race: Zerg Zerg

CoalLeague - Winner!

  • Race: Protoss Protoss

Jhyrachy - Winner!

  • Race: Zerg Zerg
  • League: Gold

blc - Winner!

  • Race: Protoss Protoss
  • League: Gold

Gabriel

  • Race: Protoss Protoss

soroush

  • Race: Protoss Protoss

Joker

  • Race: Zerg Zerg

JohnRipley

  • Race: Zerg Zerg
  • League: Silver

VOD

Have the link to the VOD?

Description

Time

  • Played on: April 26, 2016, 7:22 p.m.
  • Length: 15:06
Show
View Real Time Build Order
Export as new Build Order

RoiXir Zerg - Winner!

Build Orders: Pool First 

Get SALT Encoding   

  12  0:05  Drone  
  13  0:20  Overlord  
  13  0:24  Drone  
  14  0:38  Drone x2  
  16  0:45  Spawning Pool  
  16  0:47  Drone  
  16  0:54  Drone  
  17  1:06  Drone  
  18  1:16  Overlord  
  18  1:33  Zergling x2, Queen  
  21  1:40  Hatchery  
  20  1:50  Zergling x4  
  22  1:59  Zergling x2  
  23  2:09  Zergling x2  
  24  2:19  Spore Crawler  
  24  2:20  Zergling x2  
  24  2:31  Zergling x2  
  24  2:42  Zergling x2  
  24  3:07  Spore Crawler  
  24  3:08  Drone  
  24  3:09  Spore Crawler, Drone  
  22  3:41  Drone, Queen  
  22  3:42  Drone x2  
  22  3:45  Drone x3  
  27  4:15  Drone  
  27  4:16  Drone  
  29  4:21  Drone x3, Extractor x2  
  30  4:28  Extractor  
  30  4:31  Extractor  
  28  4:33  Drone x2  
  30  4:50  Drone x2  
  32  4:55  Drone x2  
  32  4:56  Drone x2  
  32  4:58  Overlord  
  35  5:18  Drone  
  35  5:19  Drone  
  37  5:22  Drone x3  
  40  5:29  Lair  
  40  5:31  Queen  
  42  5:52  Drone x2  
  42  5:55  Overlord  
  44  5:59  Overlord  
  44  6:00  Overlord x2  
  44  6:08  Hatchery  
  44  6:09  Overlord  
  44  6:10  Overlord x2  
  43  6:13  Queen  
  45  6:18  Overlord x2  
  45  6:27  Spore Crawler  
  45  6:30  Spore Crawler  
  45  6:32  Spore Crawler  
  42  6:35  Spire  
  42  6:36  Drone x3  
  42  6:38  Spire  
  43  6:42  Drone x2  
  45  6:48  Queen  
  47  6:55  Drone  
  47  6:59  Drone x3  
  51  7:13  Spore Crawler  
  51  7:14  Drone  
  51  7:15  Drone  
  52  7:16  Spore Crawler  
  52  7:17  Overseer x3  
  52  7:22  Drone  
  52  7:51  Mutalisk x2  
  52  7:52  Mutalisk  
  52  7:57  Mutalisk  
  52  7:58  Mutalisk x4  
  60  8:03  Mutalisk x3  
  74  8:14  Zerg Flyer Weapons Level 1  
  74  8:28  Zerg Flyer Armor Level 1  
  74  8:36  Mutalisk  
  76  8:51  Mutalisk  
  78  9:03  Mutalisk x2  
  82  9:31  Mutalisk x3  
  82  9:36  Drone x3  
  91  9:40  Extractor  
  87  10:43  Spine Crawler x2  
  87  10:44  Spine Crawler  
  87  10:46  Spine Crawler x2  
  76  10:50  Spine Crawler  
  57  11:20  Mutalisk x3  
  57  11:24  Mutalisk x3  
  69  11:26  Zerg Flyer Weapons Level 2  
  69  11:27  Zerg Flyer Armor Level 2  
  69  11:31  Lair  
  67  12:01  Hatchery  
  66  12:05  Spine Crawler  
  66  12:06  Spine Crawler x2  
  66  12:07  Drone x3, Spine Crawler x2  
  58  12:23  Zergling x6  
  58  12:26  Zergling x2  
  60  12:32  Queen  
  60  12:35  Queen  
  64  12:38  Hatchery  
  64  12:39  Hatchery, Drone x2  
  64  12:48  Zergling x4  
  64  12:50  Mutalisk  
  68  13:05  Zergling x2  
  69  13:07  Queen  
  69  13:11  Queen  
  73  13:20  Queen  
  73  13:21  Drone  
  76  13:33  Mutalisk x3  
  82  13:36  Mutalisk x3  
  88  13:44  Drone x2  
  88  13:47  Queen  
  92  13:49  Mutalisk x3  
  92  13:52  Mutalisk  
  92  13:53  Mutalisk  
  102  13:55  Queen  
  104  14:05  Mutalisk  
  104  14:06  Mutalisk  
  104  14:09  Mutalisk x2  
  112  14:10  Mutalisk  
  112  14:12  Mutalisk x2  
  118  14:17  Mutalisk  
  118  14:19  Zergling x2  
  118  14:20  Zergling x2  
Show
View Real Time Build Order
Export as new Build Order

CoalLeague Protoss - Winner!

Build Orders: Nexus First 

Get SALT Encoding   

  12  0:03  Probe (Chrono Boost)  
  13  0:14  Pylon  
  13  0:19  Probe (Chrono Boost)  
  14  0:29  Probe (Chrono Boost)  
  15  0:40  Probe (Chrono Boost)  
  16  1:00  Nexus  
  16  1:10  Forge  
  16  1:14  Probe (Chrono Boost)  
  17  1:28  Probe (Chrono Boost)  
  18  1:39  Probe (Chrono Boost)  
  19  1:46  Photon Cannon  
  19  1:49  Probe (Chrono Boost)  
  20  1:54  Pylon  
  20  2:12  Nexus  
  20  2:17  Probe x2 (Chrono Boost)  
  22  2:26  Pylon  
  22  2:28  Probe (Chrono Boost)  
  22  2:29  Probe (Chrono Boost)  
  24  2:34  Pylon  
  24  2:38  Probe (Chrono Boost)  
  25  2:49  Probe (Chrono Boost)  
  25  2:50  Photon Cannon  
  26  2:56  Photon Cannon  
  26  3:01  Pylon  
  26  3:04  Probe (Chrono Boost)  
  27  3:07  Probe (Chrono Boost)  
  28  3:13  Gateway  
  28  3:22  Assimilator  
  28  3:25  Probe x2 (Chrono Boost)  
  28  3:26  Assimilator  
  31  3:27  Probe (Chrono Boost)  
  31  3:36  Probe (Chrono Boost)  
  31  3:37  Probe (Chrono Boost)  
  33  3:41  Photon Cannon  
  33  3:46  Probe (Chrono Boost)  
  33  3:48  Probe (Chrono Boost)  
  35  3:57  Probe (Chrono Boost)  
  35  3:58  Probe (Chrono Boost)  
  37  4:07  Cybernetics Core, Probe (Chrono Boost)  
  37  4:09  Assimilator, Probe (Chrono Boost)  
  39  4:12  Assimilator  
  39  4:15  Probe (Chrono Boost)  
  40  4:18  Probe (Chrono Boost)  
  40  4:19  Probe (Chrono Boost)  
  42  4:26  Probe (Chrono Boost)  
  42  4:27  Photon Cannon  
  42  4:28  Probe (Chrono Boost)  
  42  4:30  Probe (Chrono Boost)  
  45  4:37  Probe (Chrono Boost)  
  46  4:39  Probe (Chrono Boost)  
  46  4:40  Probe (Chrono Boost)  
  48  4:48  Probe (Chrono Boost)  
  48  4:50  Mothership Core (Chrono Boost)  
  48  4:51  Protoss Shields Level 1 (Chrono Boost)  
  51  5:01  Photon Cannon  
  51  5:06  Pylon  
  51  5:07  Assimilator  
  51  5:09  Assimilator  
  51  5:19  Nexus  
  51  5:21  Probe x2, Pylon  
  51  5:22  Probe  
  54  5:31  Probe x2  
  54  5:32  Stargate  
  54  5:34  Stargate, Probe  
  54  5:35  Stargate, Photon Cannon  
  57  5:36  Pylon  
  57  5:42  Probe  
  57  5:46  Probe, Pylon  
  59  5:50  Probe  
  59  5:52  Probe  
  59  5:56  Photon Cannon  
  61  5:57  Pylon  
  61  6:01  Probe, Photon Cannon  
  61  6:03  Probe, Photon Cannon  
  62  6:04  Probe  
  64  6:11  Probe  
  64  6:14  Probe  
  64  6:16  Probe  
  67  6:21  Protoss Air Weapons Level 1 (Chrono Boost), Photon Cannon  
  67  6:22  Probe  
  68  6:27  Void Ray x2  
  68  6:31  Void Ray  
  80  6:33  Probe  
  80  6:39  Assimilator  
  81  6:43  Assimilator, Probe  
  82  6:48  Cybernetics Core  
  82  6:53  Stargate x2  
  82  6:56  Pylon  
  82  7:04  Fleet Beacon  
  82  7:05  Robotics Facility  
  82  7:15  Phoenix x3  
  88  7:24  Probe  
  88  7:25  Probe  
  88  7:26  Probe x2  
  92  7:30  Pylon  
  92  7:35  Probe, Photon Cannon  
  92  7:36  Probe  
  93  7:38  Probe  
  93  7:39  Probe, Void Ray x2  
  93  7:40  Protoss Air Armor Level 1 (Chrono Boost)  
  110  7:59  Void Ray  
  110  8:01  Void Ray  
  110  8:04  Protoss Air Weapons Level 2 (Chrono Boost)  
  118  8:13  Anion Pulse-Crystals (Chrono Boost)  
  118  8:14  Void Ray  
  122  8:27  Observer  
  122  8:33  Pylon  
  123  8:34  Photon Cannon  
  123  8:36  Photon Cannon  
  123  8:42  Photon Cannon  
  123  8:43  Photon Cannon  
  123  8:45  Pylon  
  123  8:49  Phoenix x4  
  131  9:00  Pylon  
  131  9:08  Twilight Council  
  131  9:16  Void Ray x4  
  147  9:44  Void Ray  
  151  10:03  Void Ray x2  
  151  10:04  Void Ray x2  
  159  11:03  Protoss Air Weapons Level 3  
  152  11:06  Protoss Air Armor Level 2  
  144  11:41  Void Ray x3  
  144  11:42  Void Ray x2  
  164  11:51  Pylon  
  164  11:55  Pylon  
  164  11:57  Pylon  
  164  12:06  Protoss Shields Level 2  
  164  12:09  Probe x4, Observer  
  169  12:21  Probe x4  
  173  12:24  Void Ray x3  
  185  12:56  Photon Cannon  
  185  12:57  Photon Cannon  
  185  13:00  Photon Cannon  
  185  13:28  Probe  
  186  13:40  Probe  
  187  13:44  Pylon  
  187  13:48  Pylon x2  
  187  13:52  Probe  
  188  14:02  Void Ray x2  
  196  14:06  Probe  
Show
View Real Time Build Order
Export as new Build Order

Jhyrachy Zerg - Winner!

Build Orders: Hatch First 

Get SALT Encoding   

  12  0:02  Drone  
  13  0:09  Drone  
  14  0:19  Overlord  
  14  0:39  Drone x3  
  17  1:04  Hatchery  
  17  1:06  Drone  
  17  1:07  Extractor  
  16  1:18  Spawning Pool  
  16  1:19  Drone  
  16  1:23  Drone  
  17  1:33  Drone  
  18  1:41  Drone  
  19  1:49  Drone  
  20  1:59  Overlord  
  20  2:08  Metabolic Boost  
  20  2:16  Evolution Chamber  
  20  2:17  Queen  
  21  2:29  Queen  
  23  2:30  Overlord  
  23  2:32  Zergling x4  
  25  2:44  Zergling x6  
  25  2:47  Overlord  
  28  3:10  Zerg Melee Weapons Level 1  
  28  3:11  Zergling x10  
  33  3:34  Zergling x12  
  38  3:58  Zergling x12  
  39  4:03  Zergling x2  
  39  4:04  Zergling x4  
  32  4:37  Zergling x2  
  32  4:38  Zergling x20  
  33  4:53  Zergling x2  
  33  4:54  Zergling x2  
  34  5:24  Drone x2  
  34  5:25  Drone x3  
  37  6:22  Drone x3  
  37  6:23  Queen  
  41  6:38  Drone x3  
  41  6:39  Overlord  
  33  7:31  Drone x9  
  8  9:38  Drone x8  
  16  9:55  Hatchery  
  13  11:26  Drone x2  
  13  11:32  Drone  
  16  11:45  Hatchery  
  6  13:00  Drone  
  7  13:15  Drone  
  8  13:38  Drone  
  8  13:39  Drone  
  10  14:04  Drone x2  
  10  14:05  Overlord  
  12  14:16  Spawning Pool  
  11  14:17  Drone  
Show
View Real Time Build Order
Export as new Build Order

blc Protoss - Winner!

Build Orders:  

Get SALT Encoding   

  12  0:02  Probe (Chrono Boost)  
  13  0:13  Probe (Chrono Boost)  
  14  0:29  Pylon  
  14  0:30  Probe (Chrono Boost)  
  15  0:47  Gateway  
  15  0:51  Gateway  
  15  0:59  Gateway  
  15  1:14  Probe (Chrono Boost), Pylon  
  16  1:27  Probe (Chrono Boost)  
  17  1:36  Zealot (Chrono Boost)  
  21  1:40  Zealot (Chrono Boost)  
  23  1:48  Zealot (Chrono Boost)  
  25  2:03  Zealot (Chrono Boost)  
  25  2:06  Zealot (Chrono Boost)  
  27  2:13  Zealot (Chrono Boost)  
  29  2:15  Pylon  
  31  2:30  Zealot (Chrono Boost)  
  31  2:33  Pylon  
  31  2:36  Zealot (Chrono Boost)  
  35  2:37  Zealot (Chrono Boost)  
  35  2:47  Assimilator, Probe  
  36  3:48  Zealot (Chrono Boost)  
  42  3:51  Zealot x2 (Chrono Boost)  
  42  3:55  Probe  
  43  4:00  Assimilator  
  43  4:04  Cybernetics Core  
  43  4:05  Gateway  
  43  4:07  Probe  
  43  4:08  Forge  
  46  4:18  Zealot (Chrono Boost)  
  38  4:44  Zealot (Chrono Boost)  
  42  4:48  Zealot x2 (Chrono Boost)  
  34  5:01  Gateway  
  34  5:05  Gateway  
  34  5:11  Probe  
  34  5:12  Pylon  
  35  5:20  Zealot (Chrono Boost)  
  35  5:21  Zealot x3 (Chrono Boost)  
  43  5:24  Probe  
  44  5:35  Protoss Ground Weapons Level 1 (Chrono Boost)  
  44  5:36  Probe  
  45  5:47  Zealot x3 (Chrono Boost)  
  45  5:48  Mothership Core  
  55  5:59  Zealot (Chrono Boost)  
  55  6:08  Pylon  
  55  6:26  Zealot  
  55  6:28  Twilight Council  
  55  6:30  Pylon  
  57  6:43  Probe  
  36  7:28  Sentry  
  36  7:29  Sentry x3  
  34  7:30  Zealot x2  
  38  7:42  Protoss Ground Weapons Level 2 (Chrono Boost)  
  38  7:55  Zealot x3  
  44  8:14  Pylon  
  44  8:22  Photon Cannon  
  44  8:24  Photon Cannon  
  34  8:54  Nexus  
  29  10:54  Sentry  
  29  10:55  Sentry x2  
  29  10:56  Zealot x2  
  29  10:57  Zealot  
  7  13:42  Zealot  
  7  13:43  Zealot x3  
  15  13:49  Pylon  
  15  14:07  Zealot  
Show
View Real Time Build Order
Export as new Build Order

Gabriel Protoss 

Build Orders: Cannon Rush 

Get SALT Encoding   

  12  0:01  Probe (Chrono Boost)  
  13  0:20  Probe (Chrono Boost)  
  14  0:24  Pylon  
  14  0:31  Probe (Chrono Boost)  
  16  0:43  Probe (Chrono Boost)  
  16  0:54  Probe (Chrono Boost)  
  16  0:55  Pylon  
  17  0:57  Forge  
  17  0:58  Pylon  
  17  1:18  Gateway  
  17  1:27  Gateway  
  17  1:34  Photon Cannon  
  17  1:44  Photon Cannon  
  17  1:51  Photon Cannon  
  17  1:59  Probe (Chrono Boost)  
  18  2:05  Zealot  
  20  2:09  Probe (Chrono Boost)  
  20  2:15  Zealot  
  23  2:20  Probe (Chrono Boost)  
  24  2:47  Nexus  
  24  2:49  Zealot  
  28  2:51  Zealot  
  28  3:03  Photon Cannon  
  28  3:07  Probe (Chrono Boost)  
  29  3:18  Probe (Chrono Boost)  
  30  3:28  Probe (Chrono Boost)  
  31  3:39  Probe (Chrono Boost)  
  32  3:50  Probe (Chrono Boost)  
  32  3:53  Cybernetics Core  
  33  3:55  Pylon  
  33  3:58  Pylon  
  33  4:00  Probe x2 (Chrono Boost), Pylon  
  35  4:05  Pylon  
  35  4:10  Probe (Chrono Boost)  
  35  4:11  Probe (Chrono Boost)  
  37  4:20  Assimilator  
  37  4:21  Probe x2 (Chrono Boost)  
  37  4:22  Assimilator  
  39  4:25  Assimilator  
  39  4:29  Assimilator  
  39  4:53  Probe (Chrono Boost)  
  40  5:03  Probe (Chrono Boost)  
  41  5:07  Stalker  
  41  5:11  Stalker  
  46  5:14  Probe (Chrono Boost)  
  46  5:37  Stalker  
  46  5:39  Probe (Chrono Boost)  
  46  5:41  Stalker  
  51  5:49  Probe (Chrono Boost)  
  52  5:55  Probe (Chrono Boost)  
  53  6:00  Probe (Chrono Boost)  
  54  6:04  Stargate  
  54  6:05  Probe (Chrono Boost)  
  54  6:06  Stargate  
  54  6:08  Stargate  
  54  6:10  Probe (Chrono Boost)  
  56  6:20  Stargate  
  56  6:21  Probe (Chrono Boost)  
  57  6:31  Pylon  
  57  6:34  Pylon  
  57  6:37  Pylon  
  57  6:39  Pylon  
  57  6:41  Protoss Shields Level 1  
  57  6:42  Pylon  
  57  6:45  Pylon  
  57  6:47  Pylon  
  57  6:49  Stalker x2  
  57  6:51  Protoss Air Weapons Level 1, Pylon  
  61  7:09  Void Ray  
  65  7:18  Void Ray  
  69  7:56  Void Ray x2  
  77  7:59  Void Ray  
  81  8:23  Void Ray  
  85  8:39  Void Ray  
  89  8:53  Void Ray  
  89  8:54  Void Ray  
  97  9:08  Protoss Air Armor Level 1  
  5  14:09  Pylon  
  2  14:16  Nexus  
Show
View Real Time Build Order
Export as new Build Order

soroush Protoss 

Build Orders:  

Get SALT Encoding   

  12  0:02  Probe (Chrono Boost)  
  13  0:16  Pylon  
  13  0:18  Probe (Chrono Boost)  
  14  0:29  Probe (Chrono Boost)  
  15  0:40  Gateway  
  15  0:43  Assimilator, Probe (Chrono Boost)  
  16  0:53  Probe (Chrono Boost)  
  18  1:04  Probe (Chrono Boost)  
  18  1:14  Probe (Chrono Boost)  
  19  1:20  Gateway  
  19  1:25  Probe (Chrono Boost)  
  20  1:31  Cybernetics Core  
  20  1:32  Pylon  
  20  1:35  Probe (Chrono Boost)  
  21  1:46  Probe (Chrono Boost)  
  22  1:51  Assimilator  
  22  1:58  Probe (Chrono Boost)  
  23  2:01  Pylon  
  23  2:07  Warp Gate  
  23  2:09  Stalker (Chrono Boost)  
  23  2:11  Stalker (Chrono Boost)  
  27  2:30  Gateway  
  27  2:40  Stalker (Chrono Boost)  
  31  2:45  Stalker (Chrono Boost)  
  31  3:07  Stalker (Chrono Boost)  
  33  3:19  Pylon  
  33  3:33  Stalker x2 (Chrono Boost)  
  29  3:58  Adept (Chrono Boost)  
  29  4:00  Adept x2 (Chrono Boost)  
  29  4:02  Mothership Core (Chrono Boost)  
  31  4:35  Adept  
  31  4:36  Adept x2  
  33  4:57  Probe (Chrono Boost)  
  34  5:08  Probe (Chrono Boost)  
  34  5:10  Gateway  
  34  5:12  Gateway  
  34  5:13  Pylon  
  35  5:32  Adept x3  
  41  5:42  Twilight Council  
  41  6:02  Adept x3  
  47  6:13  Forge  
  47  6:15  Pylon  
  47  6:17  Adept x2  
  51  6:34  Resonating Glaives (Chrono Boost)  
  51  6:44  Nexus  
  51  6:48  Pylon  
  51  6:49  Pylon  
  51  6:53  Assimilator  
  51  6:57  Assimilator  
  21  7:47  Nexus  
  21  7:50  Pylon  
  21  7:51  Pylon  
  21  7:59  Adept x2  
  21  8:00  Adept x3  
  31  8:13  Photon Cannon  
  31  8:16  Photon Cannon  
  31  8:18  Photon Cannon  
  31  9:17  Photon Cannon  
  31  9:35  Photon Cannon  
Show
View Real Time Build Order
Export as new Build Order

Joker Zerg 

Build Orders: Pool First 

Get SALT Encoding   

  12  0:06  Drone  
  13  0:21  Overlord  
  13  0:24  Drone  
  14  0:45  Spawning Pool  
  14  0:46  Extractor  
  14  0:48  Extractor  
  11  0:54  Drone x3  
  14  1:13  Drone  
  15  1:19  Drone  
  16  1:31  Zergling x2  
  17  1:37  Spore Crawler, Queen  
  18  1:42  Drone  
  19  1:52  Zergling x2  
  20  2:08  Metabolic Boost  
  20  2:13  Zergling x4  
  22  2:23  Lair  
  22  2:24  Overlord  
  22  2:47  Zergling x4  
  22  2:48  Zergling x6  
  17  3:42  Zergling x2  
  17  3:43  Zergling x8  
    4:12  Drone  
    4:13  Drone  
  2  4:48  Hatchery  
  1  5:49  Hatchery  
    7:07  Drone  
  1  7:13  Drone  
  2  7:28  Drone  
  3  7:42  Spawning Pool  
  3  7:43  Drone  
  3  7:45  Drone  
  4  8:24  Drone x2  
  6  8:45  Drone x2  
  8  8:48  Drone  
  9  9:00  Queen  
  9  9:02  Drone  
  12  9:32  Drone x2  
  12  9:33  Drone  
  15  9:49  Extractor  
  14  9:53  Extractor  
  14  9:55  Drone  
  14  9:56  Drone  
Show
View Real Time Build Order
Export as new Build Order

JohnRipley Zerg 

Build Orders: Hatch First, Zergling Baneling 

Get SALT Encoding   

  12  0:01  Drone  
  13  0:13  Drone  
  14  0:18  Overlord  
  14  0:37  Drone  
  14  0:38  Drone x2  
  17  0:56  Hatchery  
  16  1:11  Spawning Pool  
  16  1:12  Drone, Extractor  
  16  1:14  Drone  
  16  1:38  Drone  
  16  1:39  Drone x2  
  19  1:53  Overlord  
  19  1:58  Queen  
  21  2:07  Queen  
  23  2:10  Zergling x2  
  23  2:11  Zergling x2  
  23  2:12  Zergling x2  
  23  2:13  Metabolic Boost  
  26  2:24  Drone  
  26  2:26  Zergling x2  
  28  2:30  Drone  
  29  2:42  Drone  
  30  2:52  Zergling x4  
  30  2:54  Drone  
  33  3:00  Extractor  
  33  3:01  Overlord  
  32  3:06  Drone  
  32  3:07  Baneling Nest  
  32  3:08  Drone  
  32  3:11  Zergling x4  
  32  3:12  Zergling x2  
  36  3:24  Drone  
  37  3:29  Drone x3  
  40  3:41  Zergling x4  
  42  3:42  Drone  
  42  3:43  Drone  
  42  3:47  Overlord  
  44  3:55  Lair  
  44  3:58  Roach Warren  
  41  4:03  Baneling x7  
  41  4:05  Baneling x2  
  41  4:06  Drone  
  41  4:08  Drone  
  40  4:44  Drone x3  
  40  4:45  Drone x2  
  44  4:46  Overlord, Roach x4  
  50  4:58  Roach  
  51  5:00  Overlord  
  51  5:01  Overlord  
  51  5:04  Overseer  
  51  5:13  Roach x2  
  55  5:14  Roach  
  55  5:16  Glial Reconstitution  
  57  5:26  Overseer  
  57  5:30  Drone x4  
  57  5:34  Extractor  
  57  5:35  Spore Crawler  
  59  5:36  Spore Crawler  
  59  5:37  Drone x2  
  59  5:39  Roach  
  59  5:40  Roach x2  
  66  5:48  Roach x3  
  66  5:49  Roach  
  74  5:56  Baneling x2  
  74  6:02  Roach  
  76  6:06  Overlord x2  
  76  6:08  Overlord  
  76  6:09  Extractor  
  75  6:18  Baneling x2  
  75  6:20  Drone  
  76  6:28  Drone x2  
  76  6:31  Roach x5  
  88  6:43  Infestation Pit  
  87  6:47  Roach x3  
  87  6:51  Roach  
  95  7:06  Roach x2  
  99  7:20  Hive, Overlord x3  
  97  8:02  Roach x5  
  97  8:03  Roach  
  97  8:04  Roach x5  
  97  8:05  Roach x2  
  123  8:18  Overlord x4  
  107  9:08  Roach x4  
  107  9:09  Roach  
  83  9:27  Hydralisk Den  
  83  9:29  Drone x2  
  83  9:31  Spore Crawler  
  83  9:33  Spore Crawler  
  83  9:35  Spore Crawler, Drone  
  83  9:36  Spore Crawler, Drone x2  
  83  9:40  Spore Crawler  
  83  9:43  Spore Crawler  
  81  9:56  Spire  
  80  10:06  Hydralisk x3  
  86  10:08  Hydralisk x6  
  98  10:17  Hydralisk  
  98  10:19  Drone  
  5  14:09  Hatchery  
Tags
 
Add a new tag
Caveats
  • Supply blocks, unpowered buildings, or Contaminate may cause inaccurate times.
  • Supply counts are checked every 10 seconds.